[Event "45th FIDE Olympiad 2024"]
[Site "Budapest"]
[Date "2024.09.16"]
[Round "6.244"]
[White "Alothman, Ali Layth Ahmed"]
[Black "Arnold, Smith"]
[Result "1-0"]
[WhiteElo "2161"]
[BlackElo "1915"]
[PlyCount "73"]
[EventDate "2024.09.05"]
[EventType "team-tourn"]
[EventCountry "HUN"]
[WhiteTeam "Iraq"]
[BlackTeam "Liberia"]
[WhiteTeamCountry "IRQ"]
[BlackTeamCountry "LBR"]
[TimeControl "40/5400+30:1800+30"]

1. Nf3 d5 2. g3 Nf6 3. Bg2 c5 4. O-O e6 5. c4 d4 6. e3 Nc6 7. exd4 cxd4 8. d3 Be7 9. Re1 O-O 10. Na3 Bb4 11. Re2 Re8 12. Nc2 Bf8 13. Bf4 h6 14. Ne5 Bd7 15. b4 g5 16. b5 gxf4 17. bxc6 bxc6 18. Nxd4 fxg3 19. hxg3 Rc8 20. Ndxc6 Qc7 21. Rb1 Bd6 22. Rb7 Qxb7 23. Ne7+ Bxe7 24. Bxb7 Rc7 25. Bf3 Bf8 26. Qd2 Bg7 27. Qf4 Rec8 28. d4 Be8 29. Kg2 Nd7 30. Ng4 Kh7 31. Be4+ f5 32. Bxf5+ exf5 33. Rxe8 Rxe8 34. Qxc7 fxg4 35. Qxd7 Re2 36. c5 Rd2 37. c6 1-0

[Event "45th FIDE Olympiad 2024"]
[Site "Budapest"]
[Date "2024.09.16"]
[Round "6.245"]
[White "Christie, Joshua"]
[Black "Giasi, Viresh"]
[Result "1-0"]
[WhiteElo "2271"]
[BlackElo "1998"]
[PlyCount "73"]
[EventDate "2024.09.05"]
[EventType "team-tourn"]
[EventCountry "HUN"]
[WhiteTeam "Jamaica"]
[BlackTeam "Suriname"]
[WhiteTeamCountry "JAM"]
[TimeControl "40/5400+30:1800+30"]

1. d4 Nf6 2. c4 g6 3. g3 Bg7 4. Bg2 d6 5. Nc3 O-O 6. Nf3 Nbd7 7. O-O e5 8. b3 c6 9. Ba3 exd4 10. Nxd4 Nc5 11. Qd2 Ne8 12. Rad1 Qe7 13. b4 Ne6 14. Nc2 Nd8 15. b5 Bxc3 16. Qxc3 cxb5 17. cxb5 Be6 18. Bb2 f6 19. Nb4 Rc8 20. Qd4 Rc5 21. a4 Bb3 22. Nd5 Qf7 23. Rd3 Ne6 24. Qb4 Bc4 25. Rd2 N6c7 26. Ne3 b6 27. Bd4 Be6 28. Bxc5 dxc5 29. Qe4 Ng7 30. Qb7 Nce8 31. Qxf7+ Kxf7 32. Bd5 Nc7 33. Bc4 Ke7 34. Rfd1 Bc8 35. Rd6 Nge8 36. Rd8 Bb7 37. R1d7# 1-0

[Event "45th FIDE Olympiad 2024"]
[Site "Budapest"]
[Date "2024.09.16"]
[Round "6.246"]
[White "Yeung, Jason"]
[Black "Smith, Shreyas"]
[Result "0-1"]
[WhiteElo "1993"]
[BlackElo "2226"]
[PlyCount "66"]
[EventDate "2024.09.05"]
[EventType "team-tourn"]
[EventCountry "HUN"]
[WhiteTeam "Suriname"]
[BlackTeam "Jamaica"]
[BlackTeamCountry "JAM"]
[TimeControl "40/5400+30:1800+30"]

1. d4 Nf6 2. c4 g6 3. Nc3 Bg7 4. e4 d6 5. h3 O-O 6. Be3 Nc6 7. d5 Ne5 8. f4 Ned7 9. Bd3 e5 10. Nge2 exf4 11. Nxf4 Re8 12. O-O Nc5 13. Bd4 Nxd5 14. Bxg7 Nxf4 15. Rxf4 Kxg7 16. Qf3 Be6 17. Rf1 c6 18. Be2 Nd7 19. Nd1 Ne5 20. Qg3 Qa5 21. Ne3 Qxa2 22. Nf5+ Bxf5 23. exf5 Qxb2 24. Bh5 Kh8 25. fxg6 fxg6 26. Bd1 Qb6+ 27. Kh1 Qd8 28. Bc2 Qe7 29. Qf2 Kg7 30. h4 Rf8 31. h5 Rxf4 32. Qxf4 Rf8 33. h6+ Kg8 {0-} 0-1

[Event "45th FIDE Olympiad 2024"]
[Site "Budapest"]
[Date "2024.09.16"]
[Round "6.247"]
[White "Glaves, Raheem"]
[Black "Kalidjo, Imaan"]
[Result "1/2-1/2"]
[WhiteElo "2094"]
[BlackElo "1934"]
[PlyCount "109"]
[EventDate "2024.09.05"]
[EventType "team-tourn"]
[EventCountry "HUN"]
[WhiteTeam "Jamaica"]
[BlackTeam "Suriname"]
[WhiteTeamCountry "JAM"]
[TimeControl "40/5400+30:1800+30"]

1. d4 Nf6 2. c4 g6 3. Nc3 Bg7 4. e4 d6 5. Nge2 Nbd7 6. Ng3 e5 7. d5 O-O 8. h4 h5 9. Bg5 a5 10. Be2 Re8 11. Bxh5 gxh5 12. Nxh5 Nf8 13. Qf3 N8h7 14. Nd1 Bg4 15. Nxf6+ Nxf6 16. Bxf6 Bxf3 17. Bxd8 Bxd1 18. Bxc7 Bc2 19. Bxd6 Bxe4 20. Bc7 Bf5 21. Rd1 e4 22. O-O a4 23. b4 axb3 24. axb3 Ra3 25. d6 Bd7 26. b4 Bf6 27. b5 Bxh4 28. c5 Bxb5 29. d7 Rea8 30. c6 bxc6 31. Rfe1 Rd3 32. Rxd3 Bxd3 33. Rc1 Bb5 34. Rd1 Bd8 35. Bd6 Ra7 36. Bc5 Rb7 37. Rd4 Kg7 38. g4 Kf6 39. Kg2 Ke5 40. Kg3 Bd3 41. f4+ Kf6 42. Rd6+ Kg7 43. g5 Bc4 44. f5 Be6 45. fxe6 fxe6 46. Bd4+ Kf7 47. Bf6 Rb8 48. Bxd8 Rxd8 49. Rd1 Ke7 50. g6 Kf6 51. Kf4 e3 52. g7 e2 53. Rg1 e1=Q 54. Rxe1 Kxg7 55. Rxe6 1/2-1/2

[Event "45th FIDE Olympiad 2024"]
[Site "Budapest"]
[Date "2024.09.16"]
[Round "6.248"]
[White "Chashawa, Shaief"]
[Black "Shaw, Jaden"]
[Result "0-1"]
[WhiteElo "1825"]
[BlackElo "2051"]
[PlyCount "116"]
[EventDate "2024.09.05"]
[EventType "team-tourn"]
[EventCountry "HUN"]
[WhiteTeam "Suriname"]
[BlackTeam "Jamaica"]
[BlackTeamCountry "JAM"]
[TimeControl "40/5400+30:1800+30"]

1. e4 e6 2. d4 d5 3. Nc3 Bb4 4. e5 c5 5. a3 Bxc3+ 6. bxc3 Qa5 7. Qg4 Qxc3+ 8. Kd1 Ne7 9. Rb1 Qxd4+ 10. Qxd4 cxd4 11. Nf3 Nbc6 12. Bb2 Ng6 13. Bb5 Bd7 14. Bxc6 Bxc6 15. Bxd4 O-O 16. h4 Rfc8 17. h5 Ne7 18. Bc5 Nf5 19. Rb2 d4 20. Bb4 Bxf3+ 21. gxf3 Rc6 22. f4 Rac8 23. Rh3 h6 24. Rd3 Kh7 25. Kd2 b6 26. Kd1 R8c7 27. c3 dxc3 28. Rc2 Rc4 29. Rdxc3 Rd7+ 30. Kc1 Rxf4 31. Rc7 Rxc7 32. Rxc7 a5 33. Bd6 Rxf2 34. Rxf7 Rf1+ 35. Kd2 Rh1 36. Rb7 Rxh5 37. Rxb6 Rg5 38. Bc7 Rg2+ 39. Kc3 Ne3 40. Kd4 Nd5 41. Rc6 Rg4+ 42. Kc5 a4 43. Ba5 Nf4 44. Bd2 Nd3+ 45. Kd6 Rg2 46. Bc3 Nf4 47. Rc4 g5 48. Rxa4 Kg6 49. Rd4 Kf5 50. a4 Ra2 51. Rb4 Nd5 52. Rb8 Nxc3 53. Rf8+ Kg4 54. Kxe6 Rxa4 55. Rc8 Ra6+ 56. Kd7 Nd5 57. Rc5 Nf4 58. Rb5 Re6 {0-} 0-1

[Event "45th FIDE Olympiad 2024"]
[Site "Budapest"]
[Date "2024.09.16"]
[Round "6.249"]
[White "Al Maashani, Amer"]
[Black "Espinoza Solano, Jose Nahum"]
[Result "1/2-1/2"]
[WhiteElo "1979"]
[BlackElo "2156"]
[PlyCount "83"]
[EventDate "2024.09.05"]
[EventType "team-tourn"]
[EventCountry "HUN"]
[WhiteTeam "Oman"]
[BlackTeam "Nicaragua"]
[WhiteTeamCountry "OMN"]
[BlackTeamCountry "NCA"]
[TimeControl "40/5400+30:1800+30"]

1. e4 e5 2. Nf3 Nc6 3. Nc3 Nf6 4. a3 a6 5. d4 exd4 6. Nxd4 d6 7. Be2 Bd7 8. O-O Be7 9. f4 O-O 10. Bf3 Nxd4 11. Qxd4 Bc6 12. b3 Nd7 13. Nd5 Bxd5 14. Qxd5 c6 15. Qd2 Bf6 16. Rb1 Nc5 17. Qf2 Qe7 18. Re1 Rfe8 19. a4 Bc3 20. Bd2 Bxd2 21. Qxd2 Qf6 22. Rbd1 Rad8 23. g3 g5 24. Bg2 gxf4 25. gxf4 Kh8 26. Qf2 Ne6 27. Rxd6 Rxd6 28. e5 Qxf4 29. exd6 Qxf2+ 30. Kxf2 Rd8 31. Rd1 Kg7 32. b4 Kf6 33. b5 axb5 34. axb5 cxb5 35. Bxb7 Nc5 36. Bc6 Ke6 37. d7 b4 38. Rd4 Nxd7 39. Ke3 Ke7 40. Bxd7 Rxd7 41. Rxb4 Ke6 42. Rb6+ 1/2-1/2

[Event "45th FIDE Olympiad 2024"]
[Site "Budapest"]
[Date "2024.09.16"]
[Round "6.250"]
[White "Alfaro, William"]
[Black "Salim Mohammed, Salim Al Amri"]
[Result "1-0"]
[WhiteElo "2133"]
[BlackElo "1926"]
[PlyCount "63"]
[EventDate "2024.09.05"]
[EventType "team-tourn"]
[EventCountry "HUN"]
[WhiteTeam "Nicaragua"]
[BlackTeam "Oman"]
[WhiteTeamCountry "NCA"]
[BlackTeamCountry "OMN"]
[TimeControl "40/5400+30:1800+30"]

1. d4 Nf6 2. c4 e6 3. Nf3 c5 4. d5 d6 5. Nc3 g6 6. h3 Bg7 7. e4 O-O 8. Bd3 Na6 9. O-O Nc7 10. Re1 e5 11. a3 Nh5 12. Bg5 f6 13. Be3 Nf4 14. Bxf4 exf4 15. Qd2 g5 16. b4 b6 17. Rab1 Qe8 18. bxc5 bxc5 19. e5 fxe5 20. Nxg5 Bf5 21. f3 Qg6 22. Bxf5 Rxf5 23. Nge4 Rf7 24. Rb7 Bf8 25. Reb1 a6 26. R1b6 Rg7 27. Nxc5 Qg3 28. N5e4 Qh4 29. c5 dxc5 30. d6 Ne6 31. Rxg7+ Nxg7 32. Qd5+ 1-0

[Event "45th FIDE Olympiad 2024"]
[Site "Budapest"]
[Date "2024.09.16"]
[Round "6.251"]
[White "Al Maashani, Abdullah"]
[Black "Sanchez, Steven"]
[Result "0-1"]
[WhiteElo "1893"]
[BlackElo "2072"]
[PlyCount "122"]
[EventDate "2024.09.05"]
[EventType "team-tourn"]
[EventCountry "HUN"]
[WhiteTeam "Oman"]
[BlackTeam "Nicaragua"]
[WhiteTeamCountry "OMN"]
[BlackTeamCountry "NCA"]
[TimeControl "40/5400+30:1800+30"]

1. e4 e6 2. d3 d5 3. Nd2 Nf6 4. Ngf3 c5 5. g3 Nc6 6. Bg2 Be7 7. O-O O-O 8. Re1 h6 9. h4 b5 10. e5 Nh7 11. Nf1 a5 12. N1h2 Re8 13. Ng4 Bf8 14. Bf4 a4 15. a3 b4 16. Qc1 Bd7 17. c3 Na5 18. Qe3 bxc3 19. bxc3 Rb8 20. Rab1 Rb3 21. Rxb3 axb3 22. Rb1 Qe7 23. c4 Ba4 24. Bf1 Qb7 25. Be2 Rd8 26. Qd2 Qa8 27. Qc3 Nc6 28. Bd1 dxc4 29. Qxc4 Nd4 30. Nxd4 Rxd4 31. Qc3 Qd8 32. Be2 Be7 33. Nh2 f6 34. Nf3 Rd5 35. exf6 Bxf6 36. Be5 Bxe5 37. Nxe5 Nf6 38. Ng6 Qd6 39. Qa5 Rd4 40. Qa8+ Qd8 41. Qa7 Nd7 42. Nf4 Qf6 43. Bf1 Bc6 44. Rxb3 Rxf4 45. gxf4 Qxh4 46. f3 Qxf4 47. Bg2 Qd4+ 48. Kh1 Qa1+ 49. Kh2 Qe5+ 50. Kg1 Qe3+ 51. Kh2 Ne5 52. Qb8+ Kh7 53. d4 Qf4+ 54. Kg1 Qxd4+ 55. Kh1 Qh4+ 56. Kg1 Qg3 57. Kf1 Qf4 58. Kg1 c4 59. Rb1 c3 60. Rb4 c2 61. Rc4 c1=Q+ {0-} 0-1

[Event "45th FIDE Olympiad 2024"]
[Site "Budapest"]
[Date "2024.09.16"]
[Round "6.252"]
[White "Ortiz, Marcos"]
[Black "Al Busaidi, Hamood"]
[Result "1-0"]
[WhiteElo "2191"]
[BlackElo "1881"]
[PlyCount "127"]
[EventDate "2024.09.05"]
[EventType "team-tourn"]
[EventCountry "HUN"]
[WhiteTeam "Nicaragua"]
[BlackTeam "Oman"]
[WhiteTeamCountry "NCA"]
[BlackTeamCountry "OMN"]
[TimeControl "40/5400+30:1800+30"]

1. e4 c6 2. d4 d5 3. Nc3 dxe4 4. Nxe4 Nf6 5. Nxf6+ exf6 6. c3 Bd6 7. Bd3 O-O 8. Qc2 Re8+ 9. Ne2 h5 10. O-O h4 11. Bd2 Nd7 12. Rfe1 Nf8 13. h3 Qc7 14. c4 Qd8 15. Nc3 Rxe1+ 16. Rxe1 Bc7 17. d5 Qd6 18. f4 Bb6+ 19. Kh1 Qd8 20. b4 a5 21. a3 axb4 22. axb4 Bf2 23. Rf1 Bd4 24. Be4 cxd5 25. Nxd5 Ra3 26. Bf3 g6 27. Qe4 Bb2 28. Qe7 Qd7 29. Bc1 Ra1 30. Nxf6+ Bxf6 31. Qxf6 Qd3 32. Rg1 Ra6 33. Qxh4 Qc3 34. Qe1 Qxc4 35. Be2 Qb3 36. Bxa6 bxa6 37. Be3 Bf5 38. Bd4 Ne6 39. Bf6 Kf8 40. Qh4 Ke8 41. Rc1 Qxb4 42. Qh8+ Nf8 43. Rd1 Bd7 44. Bg5 a5 45. Qf6 Ne6 46. Qe5 Qc5 47. Qb8+ Qc8 48. Qxc8+ Bxc8 49. Ra1 f6 50. Bxf6 Nxf4 51. Bg5 Nd3 52. Rxa5 Kf7 53. Kg1 Bf5 54. g4 Be4 55. Be3 Ke6 56. Bd4 Bb7 57. Kh2 Nf4 58. Re5+ Kd6 59. Rg5 Kd7 60. Be3 Nd5 61. Bd2 Ne7 62. Bb4 Nd5 63. Rxg6 Nxb4 64. Rb6 1-0

[Event "45th FIDE Olympiad 2024"]
[Site "Budapest"]
[Date "2024.09.16"]
[Round "6.253"]
[White "Juarez Flores, Carlos A."]
[Black "Ayyad, Husain"]
[Result "1-0"]
[WhiteElo "2308"]
[BlackElo "2129"]
[PlyCount "75"]
[EventDate "2024.09.05"]
[EventType "team-tourn"]
[EventCountry "HUN"]
[WhiteTeam "Guatemala"]
[BlackTeam "Bahrain"]
[WhiteTeamCountry "GUA"]
[BlackTeamCountry "BHN"]
[TimeControl "40/5400+30:1800+30"]

1. d4 Nf6 2. Nf3 e6 3. e3 d5 4. Bd3 Bd6 5. O-O Nbd7 6. c4 c6 7. Nc3 O-O 8. e4 dxc4 9. Bxc4 b5 10. e5 bxc4 11. exd6 Nb6 12. Bf4 Nbd5 13. Be5 Nxc3 14. bxc3 Nd5 15. Qa4 Nb6 16. Qa3 Bb7 17. Bg3 f5 18. Bh4 Qe8 19. Be7 Rf6 20. Bxf6 gxf6 21. Nd2 Qh5 22. d7 Nxd7 23. Qd6 Qe8 24. Rfe1 Kf7 25. Nxc4 Ba6 26. Qxc6 Bxc4 27. Qxc4 Nb6 28. Qe2 Rc8 29. Rac1 Qc6 30. Qh5+ Kg7 31. Re3 Nd5 32. Rh3 Rg8 33. Qxh7+ Kf8 34. Rg3 Rxg3 35. hxg3 Nxc3 36. Kh2 Qc4 37. Qh6+ Kf7 38. Qe3 1-0

[Event "45th FIDE Olympiad 2024"]
[Site "Budapest"]
[Date "2024.09.16"]
[Round "6.254"]
[White "Ayyad, Maher"]
[Black "Giron Chavez, David Emanuel"]
[Result "1-0"]
[WhiteElo "1980"]
[BlackElo "2065"]
[PlyCount "139"]
[EventDate "2024.09.05"]
[EventType "team-tourn"]
[EventCountry "HUN"]
[WhiteTeam "Bahrain"]
[BlackTeam "Guatemala"]
[WhiteTeamCountry "BHN"]
[BlackTeamCountry "GUA"]
[TimeControl "40/5400+30:1800+30"]

1. d4 Nf6 2. Nf3 e6 3. g3 b6 4. Bg2 Bb7 5. O-O c5 6. c4 cxd4 7. Nxd4 Bxg2 8. Kxg2 Qc8 9. b3 Qb7+ 10. Kg1 a6 11. Bb2 Be7 12. Nc3 O-O 13. Qd3 d6 14. Qf3 Qxf3 15. Nxf3 Nc6 16. Rfd1 Rfd8 17. Nd4 Na7 18. Rd2 Rab8 19. a4 d5 20. cxd5 Nxd5 21. Nxd5 Rxd5 22. Rc2 Bc5 23. e3 a5 24. Rac1 Rbd8 25. Kg2 h5 26. Bc3 R8d7 27. Nf3 Nc6 28. h4 e5 29. e4 Rd3 30. Ne1 Rd1 31. Kf1 Nb4 32. Ke2 R1d6 33. Bxb4 Bxb4 34. Nf3 f6 35. Rc6 Rd3 36. Rxb6 Rxb3 37. Rc2 Ra3 38. Nh2 Ra1 39. Kf3 Rxa4 40. g4 Ra3+ 41. Kg2 hxg4 42. Nxg4 Rd4 43. Rc8+ Kh7 44. Rb7 Rc3 45. Nxf6+ Kg6 46. Rxc3 Bxc3 47. Nd5 Bd2 48. Ne7+ Kf6 49. Nd5+ Ke6 50. f3 Bh6 51. Re7+ Kd6 52. Ra7 Rd2+ 53. Kh3 Ra2 54. Ne7 Bf4 55. Ng6 Bc1 56. Ra6+ Kc7 57. Nxe5 Kb7 58. Rg6 Bb2 59. Rxg7+ Ka6 60. Rg2 a4 61. Nc4 a3 62. Nxa3 Rxa3 63. Rxb2 Rxf3+ 64. Kg4 Re3 65. h5 Rxe4+ 66. Kf5 Rh4 67. Kg5 Rh1 68. Rg2 Kb6 69. h6 Kc6 70. Kg6 1-0

[Event "45th FIDE Olympiad 2024"]
[Site "Budapest"]
[Date "2024.09.16"]
[Round "6.255"]
[White "Galvez Dastin, Eduardo"]
[Black "Mosa, Hamad"]
[Result "1-0"]
[WhiteElo "2100"]
[BlackElo "1721"]
[PlyCount "101"]
[EventDate "2024.09.05"]
[EventType "team-tourn"]
[EventCountry "HUN"]
[WhiteTeam "Guatemala"]
[BlackTeam "Bahrain"]
[WhiteTeamCountry "GUA"]
[BlackTeamCountry "BHN"]
[TimeControl "40/5400+30:1800+30"]

1. d4 Nf6 2. c4 g6 3. Nc3 Bg7 4. e4 d6 5. Nf3 Nbd7 6. Be2 O-O 7. O-O c5 8. Re1 cxd4 9. Nxd4 a6 10. Be3 Ne5 11. h3 Bd7 12. f4 Nc6 13. Qd2 Qc7 14. Rac1 Qc8 15. Nd5 Qd8 16. Bf3 Rc8 17. Nxc6 bxc6 18. Bb6 Qe8 19. Nc7 Rxc7 20. Bxc7 Qc8 21. Ba5 c5 22. e5 Ne8 23. Bc3 Qb8 24. exd6 exd6 25. Red1 a5 26. Bxg7 Kxg7 27. Qxa5 Qxb2 28. Qc3+ Qxc3 29. Rxc3 Be6 30. a4 Nf6 31. Rxd6 Rb8 32. a5 Rb4 33. Ra3 Bxc4 34. a6 Bxa6 35. Rdxa6 Rxf4 36. Rc6 Nd7 37. Rc7 Ne5 38. Rxc5 Nxf3+ 39. Rxf3 Rxf3 40. gxf3 Kh6 41. Rc7 f6 42. Rf7 f5 43. Kg2 Kg5 44. Rxh7 Kf4 45. h4 g5 46. h5 g4 47. Rg7 gxf3+ 48. Kf2 Ke5 49. h6 Kf6 50. Rg8 Kf7 51. h7 1-0